 Dungeon Crawl Stone Soup version 0.23-a0-650-ga4d50d4 (webtiles) character file.

17510 Lanoc the Stormcaller (level 12, -4/59 HPs)
             Began as a Tengu Air Elementalist on Jan 2, 2019.
             Was an Elder of Vehumet.
             Killed from afar by an efreet (13 damage)
             ... with a fireball
             ... on level 13 of the Dungeon.
             The game lasted 01:08:40 (15470 turns).

Lanoc the Stormcaller (Tengu Air Elementalist)     Turns: 15470, Time: 01:08:41

Health: -4/59      AC:  7    Str:  9    XL:     12   Next: 48%
Magic:  8/33       EV: 18    Int: 23    God:    Vehumet [****..]
Gold:   884        SH:  0    Dex: 15    Spells: 0/26 levels left

rFire    . . .     SeeInvis .   x - staff of wizardry
rCold    . . .     Gourm    .   (no shield)
rNeg     . . .     Faith    .   r - +2 robe "Neheer" {Stlth+}
rPois    +         Spirit   .   (helmet restricted)
rElec    +         Reflect  .   q - +0 cloak
rCorr    .         Harm     .   G - +1 pair of gloves
MR       ++...                  (boots unavailable)
Stlth    +++.......             y - amulet of Bawnotob {Fragile +Blink +Rage rElec rPois}
HPRegen  0.19/turn              A - ring of magical power
MPRegen  0.23/turn              M - ring of the Mage {Wiz MR++ Int+3}

@: swift, very quick
A: beak, talons 3, able to fly 1
a: Fly, Renounce Religion, Evoke Blink, Evoke Berserk Rage


You were on level 13 of the Dungeon.
You worshipped Vehumet.
Vehumet was greatly pleased with you.
You were hungry.

You visited 2 branches of the dungeon, and saw 14 of its levels.
You also visited: Ossuary.

You collected 884 gold pieces.

Inventory:

Hand Weapons
 l - a +2 vampiric dagger
Armour
 q - a +0 cloak (worn)
 r - the +2 robe "Neheer" (worn) {Stlth+}
   (You found it on level 4 of the Dungeon)

   It makes you more stealthy.
 G - a +1 pair of gloves (worn)
 T - a +2 robe of fire resistance
Magical Staves
 x - an uncursed staff of wizardry (weapon)
 V - an uncursed staff of cold
Jewellery
 h - an uncursed ring of protection from cold
 w - an uncursed ring of see invisible
 y - the amulet of Bawnotob (around neck) {Fragile +Blink +Rage rElec rPois}
   (You found it on level 10 of the Dungeon)

   [amulet of rage]

   It insulates you from electricity.
   It protects you from poison.
   It lets you blink.
   It lets you go berserk.
   It will be destroyed if unequipped.
 A - a ring of magical power (left hand)
 I - an uncursed ring of resist corrosion
 M - the ring of the Mage (right hand) {Wiz MR++ Int+3}
   (You found it on level 9 of the Dungeon)

   [ring of wizardry]

   It improves your spell success rate.
   It affects your intelligence (+3).
   It affects your resistance to hostile enchantments.
 N - an uncursed ring of wizardry
 Q - an uncursed ring of protection from magic
Wands
 k - a wand of iceblast (26)
 n - a wand of flame (54)
 z - a wand of acid (19)
 O - a wand of scattershot (9)
 U - a wand of polymorph (4)
 W - a wand of enslavement (8)
Scrolls
 b - a scroll of enchant armour
 e - 3 scrolls of teleportation
 f - 6 scrolls of remove curse
 i - a scroll of amnesia
 o - 4 scrolls of blinking
 p - 4 scrolls of enchant weapon
 s - a scroll of magic mapping
 B - 2 scrolls of fear
 E - a scroll of silence
 F - a scroll of fog
 H - a scroll of summoning
 J - a scroll of immolation
Potions
 a - 3 potions of agility
 d - 2 potions of brilliance
 g - 4 potions of ambrosia
 j - 5 potions of haste
 m - 2 potions of resistance
 t - 3 potions of mutation
 u - 6 potions of curing
 v - 3 potions of flight
 C - a potion of heal wounds {unknown}
 D - 2 potions of berserk rage
 K - a potion of invisibility
 L - a potion of magic {unknown}
 S - 2 potions of cancellation {unknown}
Miscellaneous
 P - a lamp of fire
Comestibles
 c - 22 rations


   Skills:
 + Level 9.3 Dodging
 - Level 2.0 Stealth
 + Level 7.7 Spellcasting
 * Level 14.5 Conjurations
 * Level 15.0 Air Magic


You couldn't memorise any spells.
You knew the following spells:

 Your Spells              Type           Power        Failure   Level  Hunger
a - Shock                 Conj/Air       ####         0%          1    None
b - Airstrike             Air            ######....   1%          4    ###....
c - Lightning Bolt        Conj/Air       ######....   1%          5    #####..
d - Swiftness             Chrm/Air       #####...     1%          2    None
e - Stone Arrow           Conj/Erth      #####.       1%          3    None
f - Iskenderun's Mystic   Conj           ######..     1%          4    ###....
g - Force Lance           Conj/Tloc      #####...     1%          4    ###....
h - Mephitic Cloud        Conj/Pois/Air  ######..     1%          3    None

Your spell library contained the following spells:

 Spells                   Type           Power        Failure   Level  Hunger
 Magic Dart               Conj           ####         0%          1    None
 Freeze                   Ice            #...         1%          1    None
 Searing Ray              Conj           ######       1%          2    None
 Throw Frost              Conj/Ice       #####.       1%          2    None
 Dazzling Spray           Conj/Hex       #####.       1%          3    None
 Static Discharge         Conj/Air       ######..     1%          3    None
 Fulminant Prism          Conj/Hex       #####.....   1%          4    ###....
 Throw Icicle             Conj/Ice       #####...     1%          4    ###....
 Freezing Cloud           Conj/Ice/Air   ######....   2%          6    ######.
 Ozocubu's Armour         Chrm/Ice       #.......     6%          3    None
 Bolt of Cold             Conj/Ice       #####.....   7%          6    ######.
 Ice Form                 Ice/Tmut       #.......     17%         4    ###....
 Summon Ice Beast         Ice/Summ       #.......     17%         4    ###....
 Metabolic Englaciation   Hex/Ice        #.........   43%         5    #####..
 Ozocubu's Refrigeration  Ice            #.........   65%         6    ######.
 Simulacrum               Ice/Necr       #.........   92%         6    ######.


Dungeon Overview and Level Annotations

Branches:
Dungeon (13/15)            Temple (1/1) D:4            Lair (0/6) D:10
    Orc (0/2) D:11
 Vaults: D:13-14

Altars:
Ashenzari
Cheibriados
Dithmenos
Elyvilon
Fedhas
Gozag
Hepliaklqana
Kikubaaqudgha
Makhleb
Nemelex Xobeh
Okawaru
Qazlal
Ru
Sif Muna
Trog
Uskayaw
Vehumet
Wu Jian
Xom
Yredelemnul
Zin
The Shining One

Annotations:
D:10 2 transporters, zkyp's ghost, journeyman GnGl


Innate Abilities, Weirdness & Mutations

You have a beak for a mouth.
You have claws for feet.
You can fly.


Message History

You feel sick.
You feel sick.
You feel sick.
You feel sick.
You feel sick.
You feel sick.
You feel sick.
An efreet comes into view.
It is wielding a +2 scimitar of flaming.
The efreet gestures at you.
The fireball explodes!
The fireball engulfs you!
* * * LOW HITPOINT WARNING * * *
Number of times to repeat, then command key:
Okay, then.
You feel better.
Casting: Shock (safe; 0% risk of failure)
Confirm with . or Enter, or press ? or * to list all spells.
You feel quick. The efreet gestures at you.
The fireball explodes!
The fireball engulfs you!
You die...

### ## ##.### ######.
##....# #####......
#.....######..........
#......#.)............
#........#.)..(.......
#.....####............
##...@# #.............
##..## #.............
#..# #.............
#.## #..........<..
##.# #.............
#R#### #.............
##☼..# ##..†.........
#...># #............
#....# ##...........


You could see an efreet.

Vanquished Creatures
  Josephine (D:10)
  Erolcha (D:11)
  5 two-headed ogres
  A deep elf mage (D:12)
  An ugly thing (D:12)
  A rime drake (D:12)
  2 kobold demonologists (D:13)
  A komodo dragon (D:13)
  A tengu conjurer (D:12)
  3 polar bears (D:12)
  A troll (D:10)
  A hippogriff (D:10)
  A meliai zombie (D:11)
  Sigmund (D:5)
  3 wraiths (D:10)
  2 vampires
  A wyvern (D:12)
  14 yaks
  2 porcupines (D:10)
  11 orc warriors
  6 ice beasts
  A black bear (D:10)
  A phantom (D:8)
  4 necrophages
  A crocodile (D:11)
  5 ogres
  3 centaurs
  A big kobold (D:13)
  7 bullfrogs
  A wyvern skeleton (D:8)
  7 scorpions
  6 howler monkeys
  2 centaur zombies
  3 crimson imps
  3 jellies
  2 bullfrog zombies
  3 hounds
  3 human zombies (Ossuary)
  11 orc priests
  A bullfrog skeleton (D:12)
  2 centaur skeletons
  17 orc wizards
  An iguana (D:5)
  7 worker ants
  A killer bee zombie (D:7)
  A hound skeleton (D:11)
  3 mummies (Ossuary)
  13 adders
  15 gnolls
  A shadow imp (D:6)
  3 oozes
  3 adder skeletons
  A dart slug (D:5)
  3 worms
  3 leopard geckos
  50 orcs
  A ball python (D:2)
  8 giant cockroaches
  8 goblins
  8 hobgoblins
  10 jackals
  5 quokkas
  8 bats
  5 frilled lizards
  A goblin zombie (Ossuary)
  3 hobgoblin zombies (Ossuary)
  A jackal skeleton (D:6)
  13 kobolds
  3 rats
323 creatures vanquished.

Vanquished Creatures (others)
  10 fungi (D:10)
  A plant (D:10)
11 creatures vanquished.

Grand Total: 334 creatures vanquished

Notes
Turn   | Place    | Note
-------+----------+-------------------------------------------
     0 | D:1      | Lanoc the Tengu Air Elementalist began the quest for the
                  | Orb.
     0 | D:1      | Reached XP level 1. HP: 10/10 MP: 4/4
   424 | D:1      | Reached XP level 2. HP: 15/15 MP: 4/6
   808 | D:2      | Found a sacrificial altar of Ru.
   827 | D:2      | Reached XP level 3. HP: 19/19 MP: 3/7
  1198 | D:2      | Reached skill level 5 in Air Magic
  1198 | D:2      | Reached XP level 4. HP: 12/24 MP: 2/8
  1369 | D:2      | Gained mutation: You can fly. [Tengu growth]
  1369 | D:2      | Reached XP level 5. HP: 15/28 MP: 0/9
  1861 | D:2      | Learned a level 4 spell: Airstrike
  2113 | D:3      | Reached skill level 6 in Air Magic
  2113 | D:3      | Reached XP level 6. HP: 13/32 MP: 4/11
  2344 | D:3      | Found a stormy altar of Qazlal.
  2346 | D:3      | Noticed a water elemental
  2347 | D:3      | Noticed an air elemental
  2347 | D:3      | Noticed a fire elemental
  2692 | D:3      | Found a shattered altar of Ashenzari.
  3056 | D:4      | Found a shimmering altar of Xom.
  3074 | D:4      | Reached skill level 5 in Conjurations
  3118 | D:4      | Reached XP level 7. HP: 22/36 MP: 5/12
  3119 | D:4      | Found a sand-covered staircase.
  3126 | Ossuary  | Entered an ossuary
  3535 | Ossuary  | Reached skill level 7 in Air Magic
  3796 | D:4      | Found a staircase to the Ecumenical Temple.
  3850 | Temple   | Entered the Ecumenical Temple
  3917 | Temple   | Became a worshipper of Vehumet
  3947 | D:4      | Got a shadowed robe
  3958 | D:4      | Identified the +2 robe "Neheer" {Stlth+} (You found it on
                  | level 4 of the Dungeon)
  5202 | D:5      | Entered Level 5 of the Dungeon
  5478 | D:5      | Reached XP level 8. HP: 12/41 MP: 10/14
  5730 | D:5      | Found a burning altar of Makhleb.
  5732 | D:5      | Found a stormy altar of Qazlal.
  5752 | D:5      | Reached skill level 8 in Air Magic
  5837 | D:5      | Learned a level 5 spell: Lightning Bolt
  5840 | D:5      | Learned a level 2 spell: Swiftness
  5921 | D:5      | Noticed Sigmund
  6274 | D:6      | Reached * piety under Vehumet
  6274 | D:6      | Offered knowledge of Freeze by Vehumet.
  6436 | D:6      | Reached skill level 5 in Dodging
  6645 | D:6      | Found a basalt altar of Yredelemnul.
  6706 | D:6      | Reached skill level 9 in Air Magic
  7229 | D:6      | Reached XP level 9. HP: 41/45 MP: 6/16
  7412 | D:5      | Killed Sigmund
  7649 | D:5      | Found an ornate altar of the Wu Jian Council.
  8240 | D:7      | Found an iron altar of Okawaru.
  8452 | D:7      | Reached skill level 10 in Air Magic
  8756 | D:7      | Found a shadowy altar of Dithmenos.
  8928 | D:8      | Noticed a two-headed ogre
  8941 | D:8      | Killed a two-headed ogre
  8941 | D:8      | Offered knowledge of Sting by Vehumet.
  8941 | D:8      | Reached skill level 5 in Spellcasting
  8941 | D:8      | Reached skill level 10 in Conjurations
  8963 | D:8      | Reached ** piety under Vehumet
  9077 | D:8      | Reached skill level 11 in Air Magic
  9159 | D:8      | Reached XP level 10. HP: 50/50 MP: 3/19
  9819 | D:9      | Noticed a two-headed ogre
  9822 | D:9      | Killed a two-headed ogre
 10578 | D:9      | Reached skill level 12 in Air Magic
 10669 | D:9      | Found the ring of the Mage {Wiz MR++ Int+3}
 10787 | D:9      | Offered knowledge of Dazzling Spray by Vehumet.
 11058 | D:10     | Entered Level 10 of the Dungeon
 11147 | D:10     | Reached *** piety under Vehumet
 11592 | D:10     | Reached XP level 11. HP: 53/53 MP: 14/21
 11648 | D:10     | Got a brightly glowing steel amulet
 12015 | D:10     | Reached skill level 13 in Air Magic
 12491 | D:10     | Noticed Josephine
 12495 | D:10     | Killed Josephine
 12701 | D:10     | Noticed a two-headed ogre
 12862 | D:10     | Found a staircase to the Lair.
 12944 | D:10     | Found a transporter.
 12946 | D:10     | Identified the +9 great mace "Gucof" {freeze, Fragile rN+
                  | Int+2}
 12946 | D:10     | Noticed a two-headed ogre
 12948 | D:10     | Noticed zkyp's ghost (journeyman GnGl)
 12950 | D:10     | Found a transporter.
 13039 | D:10     | Identified the amulet of Bawnotob {Fragile +Blink +Rage
                  | rElec rPois} (You found it on level 10 of the Dungeon)
 13213 | D:11     | Noticed Erolcha
 13218 | D:11     | Killed Erolcha
 13220 | D:11     | Offered knowledge of Stone Arrow by Vehumet.
 13583 | D:11     | Found a staircase to the Orcish Mines.
 13609 | D:11     | Noticed a two-headed ogre
 13612 | D:11     | Killed a two-headed ogre
 13612 | D:11     | Reached skill level 14 in Air Magic
 13622 | D:11     | Learned a level 3 spell: Stone Arrow
 13787 | D:11     | Learned a level 4 spell: Iskenderun's Mystic Blast
 13792 | D:11     | Learned a level 4 spell: Force Lance
 13881 | D:11     | Reached **** piety under Vehumet
 14084 | D:12     | Noticed a two-headed ogre
 14090 | D:12     | Identified the cursed +3 broad axe of Theory {freeze, *Slow
                  | rC+ rN+ MP+9}
 14090 | D:12     | Noticed a frost giant
 14465 | D:12     | Killed a two-headed ogre
 14465 | D:12     | Reached XP level 12. HP: 58/58 MP: 23/24
 14657 | D:12     | Noticed a two-headed ogre
 14660 | D:12     | Killed a two-headed ogre
 14683 | D:12     | Offered knowledge of Mephitic Cloud by Vehumet.
 15057 | D:12     | Learned a level 3 spell: Mephitic Cloud
 15417 | D:13     | Reached skill level 15 in Air Magic
 15463 | D:13     | HP: 1/58 [efreet/fireball (16)]
 15470 | D:13     | Killed from afar by an efreet

Vault maps used:
D:1:      lightli_iron_boxes
D:2:      overflow_temple_1_default, chequers_serial_rivers_marsh, hex_medium,
          kennysheep_generic_room_3
D:3:      nicolae_overflow_crystal_walls, first_ration,
          nicolae_qazlal_style_of_elements
D:4:      corexii_shack_village, nicolae_overflow_hidden_temple,
          minmay_temple_entry_waves, enter_ossuary_2
D:5:      kennysheep_mini, grunt_temple_overflow_open,
          chequers_serial_rivers_micro_b, uniq_sigmund
D:6:      yredelemnul_altar_generic, minmay_misc_feat_four_crosses,
          kennysheep_nondescript
D:7:      okawaru_gym_becter, grunt_dithmenos_smoke_and_mirrors
D:8:      hangedman_ranch
D:10:     grunt_lair_entry_orc_guard_hut, gammafunk_ghost_smash,
          minmay_orc_keep, uniq_josephine
D:11:     david_orc_4, serial_rivers, chequers_serial_rivers_micro_e,
          chequers_serial_rivers_small_3, chequers_serial_rivers_micro_b,
          chequers_serial_rivers_small_b, chequers_serial_rivers_micro_b,
          chequers_serial_rivers_small_3, uniq_erolcha
D:12:     minmay_coctagon
D:13:     uniq_kirke
Temple:   nicolae_temple_god_jail
Ossuary:  ossuary_crypta

Skill      XL: |  1  2  3  4  5  6  7  8  9 10 11 12 |
---------------+-------------------------------------+-----
Conjurations   | 2 3 4 5 6 8 10 12 13 14 | 14.5
Air Magic      | 5 6 7 9 11 12 14 15 | 15.0
Dodging        | 3 4 5 6 7 8 9 |  9.3
Spellcasting   | 3 4 5 6 7 |  7.7
Stealth        | |  2.0

Action                   |  1- 3 |  4- 6 |  7- 9 | 10-12 || total
-------------------------+-------+-------+-------+-------++-------
Melee: Dagger            |     8 |    25 |    77 |       ||   110
       Kick              |     2 |     4 |    25 |    12 ||    43
       Peck              |       |       |    17 |     5 ||    22
       Staff             |       |       |    15 |    39 ||    54
 Cast: Shock             |    50 |    85 |   239 |   156 ||   530
       Airstrike         |       |     1 |     2 |       ||     3
       Lightning Bolt    |       |       |    24 |   152 ||   176
       Swiftness         |       |       |       |     5 ||     5
  Use: Scroll            |       |     6 |    14 |     7 ||    27
       Potion            |       |       |     3 |     1 ||     4
 Stab: Sleeping          |     1 |     3 |     8 |       ||    12
  Eat: Chunk             |     1 |     5 |    27 |    47 ||    80
       Ration            |       |     2 |       |     3 ||     5
Armor: Robe              |     3 |     9 |    30 |    32 ||    74
Dodge: Dodged            |    13 |    22 |   112 |   143 ||   290

Table legend:
 A = Non-vault XP
 B = Vault XP
 C = Vault XP percentage of total XP
 D = Non-vault monster count
 E = Vault monster count
 F = Vault count percentage of total count
                 A         B        C        D         E       F
            +---------+---------+-------+---------+---------+-------
      Total |   18873 |    6142 |  24.6 |     256 |      67 |  20.7
            +---------+---------+-------+---------+---------+-------
        D:1 |      22 |       0 |   0.0 |      11 |       0 |   0.0
        D:2 |     202 |       2 |   1.0 |      31 |       1 |   3.1
        D:3 |     272 |       0 |   0.0 |      34 |       0 |   0.0
        D:4 |     290 |      24 |   7.6 |      18 |      11 |  37.9
        D:5 |     464 |     231 |  33.2 |      19 |       1 |   5.0
        D:6 |    1063 |       0 |   0.0 |      24 |       0 |   0.0
        D:7 |     661 |       0 |   0.0 |      17 |       0 |   0.0
        D:8 |    1851 |       0 |   0.0 |      14 |       0 |   0.0
        D:9 |    3044 |       0 |   0.0 |      27 |       0 |   0.0
       D:10 |    2537 |    2651 |  51.1 |      23 |      20 |  46.5
       D:11 |    2268 |    1722 |  43.2 |      10 |      19 |  65.5
       D:12 |    4901 |    1277 |  20.7 |      21 |       4 |  16.0
       D:13 |    1298 |       0 |   0.0 |       7 |       0 |   0.0
    Ossuary |       0 |     235 | 100.0 |       0 |      11 | 100.0
            +---------+---------+-------+---------+---------+-------
